 Dungeon Crawl Stone Soup version 0.30.0-29-ga12c61a403 (webtiles) character file.

Game seed: 9338628964539085588

27 AIAndy the Ducker (level 3, -4/25 HPs)
             Began as a Djinni Fire Elementalist on June 25, 2023.
             Slain by Terence
             ... wielding a +2 heavy trident
              (12 damage)
             ... on level 2 of the Dungeon.
             The game lasted 00:03:52 (1032 turns).

AIAndy the Ducker (Djinni Fire Elementalist)        Turns: 1032, Time: 00:03:53

Health: -4/25      AC:  2    Str:  7    XL:     3   Next: 25%
Gold:   60         EV: 12    Int: 18    God:
                   SH:  0    Dex: 13

rFire   + + +        i - staff of fire
rCold   x . .        (no shield)
rNeg    . . .        a - +0 robe
rPois   ∞            (no helmet)
rElec   .            (no cloak)
rCorr   .            (no gloves)
SInv    .            (boots unavailable)
Will    .....        (no amulet)
Stlth   ++           (no ring)
HPRegen 0.24/turn    (no ring)
MPRegen 0.00/turn

%: infuse magic (-5 HP)
@: flying, very slightly contaminated
A: sickness immunity, fire resistance 2, cold vulnerability 1, float, innate
caster, HP casting, extra vitality 1
a: no special abilities


You were on level 2 of the Dungeon.
You visited 1 branch of the dungeon, and saw 2 of its levels.

You collected 60 gold pieces.

Inventory:

Missiles
 h - 2 javelins
Armour
 a - a +0 robe (worn)
Magical Staves
 i - a staff of fire (weapon)
Jewellery
 d - a ring of positive energy
Scrolls
 b - a scroll of immolation {unknown}
 c - 2 scrolls of fog {unknown}
Potions
 e - a potion of haste {unknown}
 f - a potion of curing
 g - a potion of attraction {unknown}


   Skills:
 + Level 2.8 Dodging
 + Level 2.1 Stealth
 + Level 2.7 Spellcasting


You knew the following spells:

 Your Spells              Type           Power      Damage    Failure   Level
a - Foxfire               Conj/Fire      72%        2x1d7     5%          1
b - Scorch                Fire           36%        2d6       9%          2
c - Volatile Blastmotes   Fire/Tloc      36%        2d13      16%         3
d - Inner Flame           Hex/Fire       18%        N/A       16%         3
e - Flame Wave            Conj/Fire      18%        2d7       47%         4
f - Apportation           Tloc           24%        N/A       5%          1
Your spell library was empty.

Dungeon Overview and Level Annotations

Branches:
Dungeon (2/15)

Altars:

Annotations:
D:2 Sigmund, Terence


Innate Abilities, Weirdness & Mutations

You are immune to sickness and miasma.
You are immune to poison.
Your flesh is very heat resistant. (rF++)
You are vulnerable to cold. (rC-)
You float through the air rather than walking.
You learn spells naturally, not from books.
Your magical power is your life essence.
You have superior vitality. (+4 MHP)


Message History

The foxfire hits Terence but does no damage.
Terence is moderately wounded.
The foxfire hits Terence.
Terence is moderately wounded.
Your foxfire dissipates!
Casting: Foxfire (safe; 5% risk of failure)
Confirm with . or Enter, or press ? or * to list all spells.
You feel a surge of power!
You conjure some foxfire!
Terence hits you from afar with a +2 heavy trident!
Ouch! That really hurt!
* * * LOW HITPOINT WARNING * * *
The foxfire hits Terence but does no damage.
Terence is moderately wounded.
The foxfire hits Terence but does no damage.
Terence is moderately wounded.
The foxfire hits Terence.
Terence is heavily wounded.
The foxfire hits Terence.
Terence is heavily wounded.
Things that are here:
a +0 club; 3 stones; a kobold corpse
Casting: Foxfire (safe; 5% risk of failure)
Confirm with . or Enter, or press ? or * to list all spells.
You feel a surge of power!
Flames lash Terence.
Terence is almost dead.
Terence's fire resistance burns away.
* * * LOW HITPOINT WARNING * * *
Casting: Scorch (safe; 9% risk of failure)
Confirm with . or Enter, or press ? or * to list all spells.
You feel a surge of power!
You miscast Scorch.
You are very lightly contaminated with residual magic.
Nothing appears to happen.
* * * LOW HITPOINT WARNING * * *
The ball python misses you. The ball python barely misses you.
Casting: Scorch (safe; 9% risk of failure)
Confirm with . or Enter, or press ? or * to list all spells.
You don't have enough health to cast this spell.
It was a potion of curing.
You feel better. The ball python closely misses you. x2
Terence hits you from afar with a +2 heavy trident!
You die...

#.....### #.
#........ #. #.
#......##
#.###.##........
#...............
#..............
.............#
#..†@...#
#.@S....#
#.......#
#......##.####
#...... #.#
#...... #.#
#?....# #.#
#$.... #.#
.##... #.#


You could see Terence (combustible) and a ball python.

Vanquished Creatures
  An adder (D:2)
  A dart slug (D:1)
  2 ball pythons
  2 bats (D:1)
  An endoplasm (D:1)
  4 hobgoblins
  A frilled lizard (D:2)
  2 kobolds
  A rat (D:1)
15 creatures vanquished.

Vanquished Creatures (others)
  61 foxfires
61 creatures vanquished.

Grand Total: 76 creatures vanquished

Notes
Turn   | Place    | Note
-------+----------+-------------------------------------------
     0 | D:1      | AIAndy the Djinni Fire Elementalist began the quest for the
                  | Orb.
     0 | D:1      | AIAndy set off with the following spells memorised:
                  | Foxfire, Scorch, Volatile Blastmotes, Inner Flame, Flame
                  | Wave.
     0 | D:1      | Reached XP level 1. HP: 15/15 MP: 0/0
   288 | D:1      | Reached XP level 2. HP: 17/21 MP: 0/0
   602 | D:1      | Found a faded altar of an unknown god.
   912 | D:2      | Noticed Sigmund
   972 | D:2      | Reached XP level 3. HP: 24/25 MP: 0/0
   972 | D:2      | Learned a level 1 spell: Apportation
  1020 | D:2      | Noticed Terence
  1032 | D:2      | Slain by Terence

Illustrated notes

Levels and vault maps discovered:
D:1:      wander_arrival_lonely_grave, layout_loops_corners,
          shapermc_ecumenical_altar_acropolis
D:2:      layout_basic, amcnicky_mini_pool_small, uniq_robin, uniq_terence,
          uniq_sigmund

Skill      XL: |  1  2 |
---------------+-------+-----
Stealth        | 2 |  2.1
Dodging        | |  2.8
Spellcasting   | |  2.7

Action                     || total
---------------------------++-------
  Melee: Staff             ||     1
   Cast: Foxfire           ||    39
         Scorch            ||     1
    Use: Potion            ||     1
  Dodge: Dodged            ||    12
